 Dungeon Crawl Stone Soup version 0.18.1-47-g9310371 (webtiles) character file.

783 Krapule the Covered (level 7, -4/63 HPs)
             Began as a Minotaur Fighter on June 22, 2016.
             Slain by an orc warrior
             ... wielding a +0 battleaxe
              (27 damage)
             ... on level 5 of the Dungeon.
             The game lasted 00:25:27 (5117 turns).

Krapule the Covered (Minotaur Fighter)              Turns: 5117, Time: 00:25:28

Health: -4/63      AC:  7    Str: 21    XL:     7   Next: 55%
Magic:  15/15      EV:  9    Int:  7    God:
Gold:   305        SH: 10    Dex:  9    Spells: 0 memorised, 6 levels left

rFire  . . .     SeeInvis +     a - +1 long sword
rCold  . . .     Gourm    .     b - +0 scale mail
rNeg   . . .     Faith    .     c - +0 shield
rPois  .         Spirit   .     (helmet restricted)
rElec  .         Dismiss  .     (no cloak)
rCorr  .         Reflect  .     (no gloves)
SustAt .         Harm     .     (no boots)
MR     .....                    (no amulet)
Stlth  ..........               y - ring of see invisible
                                l - ring of magical power (curse)

@: not resistant to hostile enchantments, extremely unstealthy
A: retaliatory headbutt, horns 2
a: no special abilities


You were on level 5 of the Dungeon.
You were very hungry.

You visited 2 branches of the dungeon, and saw 7 of its levels.
You also visited: Sewer.

You collected 305 gold pieces.

Inventory:

Hand Weapons
 a - a +1 long sword (weapon)
Armour
 b - a +0 scale mail (worn)
 c - a +0 shield (worn)
Jewellery
 g - an uncursed ring of resist corrosion
 h - an uncursed ring of protection from magic
 l - a cursed ring of magical power (left hand)
 t - an uncursed ring of stealth
 x - a cursed ring of protection from magic
 y - a ring of see invisible (right hand)
Wands
 e - a wand of digging (14/24)
 q - a wand of digging (12/24)
Scrolls
 j - 2 scrolls of noise {unknown}
 k - 3 scrolls of teleportation
 o - a scroll of random uselessness {unknown}
 r - 4 scrolls of identify
Potions
 d - a potion of might
 i - 3 potions of lignification {unknown}
 n - a potion of mutation {unknown}
 s - 4 potions of flight
 u - a potion of ambrosia {unknown}
 v - a potion of cancellation {unknown}
 w - a potion of heal wounds {unknown}
 z - a potion of curing {unknown}
Comestibles
 f - 3 bread rations
 m - 2 meat rations
 p - a fruit


   Skills:
 + Level 6.1 Fighting
 - Level 3.0 Long Blades
 + Level 6.2 Armour
 + Level 4.2 Dodging
 + Level 6.1 Shields


You had 6 spell levels left.
You didn't know any spells.

Dungeon Overview and Level Annotations

Branches:
Dungeon (6/15)             Temple (1/1) D:4

Altars:
Ashenzari
Cheibriados
Dithmenos
Elyvilon
Fedhas
Gozag
Kikubaaqudgha
Nemelex Xobeh
Okawaru
Pakellas
Qazlal
Ru
Sif Muna
Trog
Vehumet
Xom
Yredelemnul
Zin

Shops:
D:4 *

Annotations:
D:6 Prince Ribbit


Innate Abilities, Weirdness & Mutations

You reflexively headbutt those who attack you in melee.
You have a pair of horns on your head.


Message History

The orc warrior hits you but does no damage.
You hit the orc warrior.
The orc warrior is heavily wounded.
The orc warrior hits you with a battleaxe!
You hit the orc warrior. Your headbutt misses the orc warrior.
The orc warrior is severely wounded.
The orc warrior hits you with a battleaxe.
You barely miss the orc warrior. Your headbutt misses the orc warrior.
The orc warrior is severely wounded.
The orc warrior hits you with a battleaxe!!
You hit the orc warrior.
The orc warrior is severely wounded.
You block the orc warrior's attack.
You hit the orc warrior.
The orc warrior is almost dead.
You block the orc warrior's attack.
You closely miss the orc warrior.
The orc warrior is almost dead.
The orc warrior hits you with a battleaxe!!
You die...

########### ###########
##o........#
...##.....######@..######.#
###...###..........# #.#
###..##.##..####...# #.#
##..##..^##..###.### #.#
...##^._..##..##.# #.#######
..##^...^..##..#.########.##....#
.##..^......##.#.#.........[....#
.#...#####...#...#...≈..≈.......#
.##.'#.#.#'^##...#......≈≈≈≈....#


You could see an orc warrior.

Vanquished Creatures
  An ice beast (D:5)
  A phantom (D:4)
  A giant frog (D:6)
  A howler monkey (D:5)
  3 orc priests (D:5)
  4 orc wizards (D:5)
  An iguana (D:4)
  A siren (Sewer)
  A merfolk avatar (Sewer)
  A hound skeleton (D:4)
  5 adders
  3 river rats
  An adder skeleton (D:5)
  3 worms
  A dart slug (D:1)
  5 giant geckos
  16 orcs
  8 ball pythons
  9 giant cockroaches
  6 goblins
  10 hobgoblins
  3 jackals (D:3)
  4 kobolds
  A quokka (D:4)
  9 bats
  A giant gecko skeleton (D:5)
  7 giant newts
  A quokka skeleton (D:5)
  29 rats
137 creatures vanquished.

Vanquished Creatures (others)
  An orc priest (D:4)
  2 orc wizards (D:4)
  An orc (D:4)
4 creatures vanquished.

Grand Total: 141 creatures vanquished

Notes
Turn   | Place    | Note
--------------------------------------------------------------
     0 | D:1      | Krapule the Minotaur Fighter began the quest for the Orb.
     0 | D:1      | Reached XP level 1. HP: 19/19 MP: 0/0
   144 | D:1      | Reached XP level 2. HP: 19/27 MP: 1/1
   753 | D:2      | Found a blossoming altar of Fedhas.
   757 | D:2      | Found a white marble altar of Elyvilon.
   767 | D:2      | Found an opulent altar of Gozag.
   767 | D:2      | Found a glowing silver altar of Zin.
   795 | D:2      | Reached XP level 3. HP: 33/33 MP: 2/2
   831 | D:2      | Reached skill level 1 in Dodging
   962 | D:2      | Found a sparkling altar of Nemelex Xobeh.
  1775 | D:3      | Reached XP level 4. HP: 33/40 MP: 3/3
  2327 | D:4      | Found an iron altar of Okawaru.
  2560 | D:4      | Noticed a phantom
  2574 | D:4      | Killed a phantom
  2574 | D:4      | Reached XP level 5. HP: 31/47 MP: 4/4
  2711 | D:4      | Found Ikloaj's General Store.
  3017 | D:4      | Found a staircase to the Ecumenical Temple.
  3026 | Temple   | Entered the Ecumenical Temple
  3339 | D:4      | Reached skill level 5 in Shields
  3419 | D:5      | Entered Level 5 of the Dungeon
  3463 | D:5      | Reached skill level 5 in Fighting
  3528 | D:5      | Found a sparkling altar of Nemelex Xobeh.
  3576 | D:5      | Found a stormy altar of Qazlal.
  3630 | D:5      | Reached XP level 6. HP: 56/56 MP: 5/5
  3655 | D:5      | Reached skill level 5 in Armour
  3676 | D:5      | Noticed an ice beast
  3699 | D:5      | Killed an ice beast
  4023 | D:5      | Reached XP level 7. HP: 61/62 MP: 6/6
  4206 | D:6      | Noticed Prince Ribbit
  4331 | D:6      | Found a glowing drain.
  4340 | Sewer    | Entered a sewer
  5117 | D:5      | Slain by an orc warrior

Skill      XL: |  1  2  3  4  5  6  7 |
---------------+----------------------+-----
Shields        | 4 5 6 |  6.1
Fighting       | 4 5 6 |  6.1
Dodging        | 1 2 3 4 |  4.2
Long Blades    | 3 |  3.0
Armour         | 4 5 6 |  6.2

Action                   |  1- 3 |  4- 6 |  7- 9 || total
-------------------------+-------+-------+-------++-------
Melee: Long sword        |   130 |   128 |   157 ||   415
       Headbutt          |    17 |    17 |    22 ||    56
  Use: Scroll            |       |       |     4 ||     4
  Eat: Chunk             |     3 |     7 |     3 ||    13
Armor: Scale mail        |    50 |    42 |    57 ||   149
Dodge: Dodged            |    44 |    33 |    31 ||   108
Block: Shield            |    75 |    61 |    97 ||   233
